 Dungeon Crawl Stone Soup version 0.30-a0-802-gb92711bcdf (webtiles) character file.

Game seed: 2592425662105697124

78 KennySheep the Covered (level 4, -12/40 HPs)
             Began as an Armataur Fighter on Feb 24, 2023.
             Was a Follower of the Shining One.
             Killed by divine providence
             ... invoked by an orc priest
              (16 damage)
             ... on level 2 of the Dungeon.
             The game lasted 00:02:29 (1019 turns).

KennySheep the Covered (Armataur Fighter)           Turns: 1019, Time: 00:02:30

Health: -12/40     AC:  7    Str: 23    XL:     4   Next: 15%
Magic:  4/4        EV:  7    Int:  9    God:    the Shining One [*.....]
Gold:   46         SH:  4    Dex:  9    Spells: 3/3 levels left

rFire   . . .      SeeInvis .    a - +0 flail
rCold   . . .      Faith    .    c - +0 buckler
rNeg    . . .      Spirit   .    b - +0 scale mail
rPois   .          Reflect  .    (no helmet)
rElec   .          Harm     .    (no cloak)
rCorr   .          Roll     +    (no gloves)
Will    .....                    (no barding) Stlth
                                 (no amulet)
HPRegen 0.26/turn                (no ring)
MPRegen 0.09/turn                (no ring)

@: glowing
A: large, rugged brown scales 3, deformed body, armoured tail, roll, long
tongue, awkward tongue
a: Renounce Religion, Divine Shield


You were on level 2 of the Dungeon.
You worshipped the Shining One.
The Shining One was aware of your devotion.
You visited 1 branch of the dungeon, and saw 2 of its levels.

You collected 46 gold pieces.

Inventory:

Hand Weapons
 a - a +0 flail (weapon)
 h - a +0 vampiric whip
Armour
 b - a +0 scale mail (worn)
 c - a +0 buckler (worn)
Scrolls
 j - a scroll of immolation {unknown}
 k - 3 scrolls of amnesia {unknown}
Potions
 d - a potion of might
 e - a potion of mutation {unknown}
 f - 2 potions of heal wounds {unknown}
 g - a potion of berserk rage {unknown}
 i - 2 potions of attraction {unknown}


   Skills:
 + Level 3.1 Fighting
 * Level 2.8 Maces & Flails
 + Level 4.2 Armour
 + Level 3.8 Shields
 + Level 0.6 Invocations


You had 3 spell levels left.
You didn't know any spells.
Your spell library was empty.

Dungeon Overview and Level Annotations

Branches:
Dungeon (2/15)

Altars:
The Shining One


Innate Abilities, Weirdness & Mutations

You are completely covered in rugged brown scales. (AC +3, +7% HP)
Armour fits poorly on your strangely shaped body.
You have a long armoured tail.
You roll when moving toward enemies. (Rampage)
Your long tongue fully drains potion bottles. (2x potion effects)
Your tongue gives you trouble enunciating. (1.5x scroll delay)


Message History

The orc priest hits you but does no damage.
You sock the orc priest!
The orc priest is almost dead.
The orc priest calls down the wrath of Beogh upon you.
Pain shoots through your body!
A rat comes into view.
The orc priest invokes the aid of Beogh against you.
Beogh smites you!
You sock the orc!
You kill the orc!
The orc priest invokes the aid of Beogh against you.
You barely resist. You barely miss the orc priest.
The orc priest is almost dead.
You block the orc priest's attack.
You hit the orc priest.
You kill the orc priest!
The Shining One accepts your kill.
The orc priest mumbles some strange prayers to Beogh against you.
Beogh smites you!
* * * LOW HITPOINT WARNING * * *
You have reached level 4!
You feel clever.
You hit the orc.
Your tail-slap misses the orc.
The orc is heavily wounded.
The orc priest calls upon Beogh to heal the orc.
The orc's wounds heal themselves!
You block the orc's attack. The orc completely misses you.
You thump the orc!
You kill the orc!
The orc priest invokes the aid of Beogh against you.
Beogh smites you!
* * * LOW HITPOINT WARNING * * *
You thump the rat!
You kill the rat!
You sock the orc priest!
The orc priest is severely wounded.
The orc priest mumbles some strange prayers to Beogh against you.
Beogh smites you!
You die...

###### #....# #....#
######## #....#
##......##########....####
........o@................
##...[..##################
#......# #......# #
........# ## ....#####
.### .... ...# (...
##.###.....


You could see an orc priest.

Vanquished Creatures
  An orc priest (D:2)
  An adder (D:2)
  A dart slug (D:2)
  2 orcs (D:2)
  4 ball pythons (D:1)
  3 endoplasms
  A giant cockroach (D:2)
  2 hobgoblins
  4 jackals (D:1)
  3 bats (D:1)
  5 frilled lizards
  5 kobolds
  3 rats
35 creatures vanquished.

Notes
Turn   | Place    | Note
-------+----------+-------------------------------------------
     0 | D:1      | KennySheep the Armataur Fighter began the quest for the
                  | Orb.
     0 | D:1      | Reached XP level 1. HP: 19/19 MP: 1/1
   175 | D:1      | Reached XP level 2. HP: 26/26 MP: 2/2
   845 | D:2      | Reached skill level 4 in Armour
   845 | D:2      | Reached XP level 3. HP: 30/32 MP: 3/3
   894 | D:2      | Found a faded altar of an unknown god.
   902 | D:2      | Prayed at the altar of an unknown god.
   902 | D:2      | Became a worshipper of the Shining One
   902 | D:2      | Reached * piety under the Shining One
  1016 | D:2      | Reached XP level 4. HP: 11/40 MP: 4/4
  1019 | D:2      | Killed from afar by an orc priest

Illustrated notes

Levels and vault maps discovered:
D:1:      minmay_arrival_hallway, layout_loops_ring
D:2:      layout_basic, chequers_ecumenical_altar_simple_redux

Skill      XL: |  1  2  3 |
---------------+----------+-----
Maces & Flails | 2 |  2.8
Armour         | 4 |  4.2
Fighting       | 3 |  3.1
Shields        | |  3.8
Invocations    | |  0.6

Action                     |  1- 3 |  4- 6 || total
---------------------------+-------+-------++-------
  Melee: Flail             |    59 |     4 ||    63
         Tailslap          |     9 |       ||     9
         Whip              |    34 |       ||    34
 Armour: Scale mail        |    56 |       ||    56
  Dodge: Dodged            |    34 |     1 ||    35
  Block: Buckler           |    15 |     1 ||    16

Table legend: (Time is in decaauts)
 A = Elapsed time spent in this place.
 B = Non-inter-level travel time spent in this place.
 C = Inter-level travel time spent in this place.
 D = Time resting spent in this place.
 E = Time spent auto-exploring this place.
 F = Levels seen in this place.
 G = Mean time per level.
                   A        B        C        D        E       F      G
               +--------+--------+--------+--------+--------+-----+--------+
         Total |   1038 |    995 |     43 |      0 |    775 |   2 |  519.0 |
       Dungeon |   1038 |    995 |     43 |      0 |    775 |   2 |  519.0 |
               +--------+--------+--------+--------+--------+-----+--------+

Top non-repeatable levels by time:
     D:1: 756 daAuts
     D:2: 282 daAuts
